 Dungeon Crawl Stone Soup version 0.28.0 (webtiles) character file.

Game seed: 3605375477867790925

246 mkm the Skirmisher (level 5, 0/48 HPs)
             Began as a Minotaur Berserker on Feb 9, 2022.
             Was a Believer of Trog.
             Slain by a jelly (3 damage)
             ... on level 4 of the Dungeon.
             The game lasted 00:08:18 (3375 turns).

mkm the Skirmisher (Minotaur Berserker)             Turns: 3375, Time: 00:08:19

Health: 0/48       AC: -10   Str: 24    XL:     5   Next: 84%
Magic:  4/4        EV: 12    Int:  4    God:    Trog [**....]
Gold:   80         SH:  5    Dex: 11    Spells: 4/4 levels left

rFire   . . .      SeeInvis .   d - +0 hand axe
rCold   . . .      Faith    .   (no shield)
rNeg    . . .      Spirit   .   f - +2 leather armour of Hairiness {Str+2}
rPois   .          Reflect  +   (helmet restricted)
rElec   .          Harm     .   (no cloak)
rCorr   .          Rampage  .   (no gloves)
Will    ++...                   (no boots)
Stlth   +.........              a - amulet of reflection
HPRegen 1.16/turn               (no ring)
MPRegen 0.09/turn               (no ring)

@: strong-willed, corroded, regenerating
A: horns 2, retaliatory headbutt, screaming 1
a: Renounce Religion, Berserk, Trog's Hand


You were on level 4 of the Dungeon.
You worshipped Trog.
Trog was pleased with you.
You visited 1 branch of the dungeon, and saw 4 of its levels.

You collected 80 gold pieces.

Inventory:

Hand Weapons
 d - a +0 hand axe (weapon)
Armour
 f - the +2 leather armour of Hairiness (worn) {Str+2}
   (You found it on level 2 of the Dungeon)

   Str:       It affects your strength (+2).
Jewellery
 a - an amulet of reflection (around neck)
Scrolls
 b - a scroll of enchant armour
 i - a scroll of vulnerability {unknown}
 l - a scroll of noise {unknown}


   Skills:
 + Level 5.4 Fighting
 + Level 3.6(4.4) Axes
 - Level 3.6(4.4) Maces & Flails
 + Level 3.7 Armour
 + Level 3.5 Dodging
 + Level 0.2 Shields


You had 4 spell levels left.
You didn't know any spells.
Your spell library was empty.

Dungeon Overview and Level Annotations

Branches:
Dungeon (4/15)
 Temple: D:4-7

Altars:

Shops:
D:1 ((!**

Annotations:
D:3 1 runed translucent door, PhoneixS's ghost, amateur DjWz; Sigmund
D:4 Blork the orc; Grinder


Innate Abilities, Weirdness & Mutations

You have a pair of horns on your head.
You reflexively headbutt those who attack you in melee.
You occasionally shout uncontrollably at your foes.


Message History

You closely miss the orc. You headbutt the orc.
The orc is heavily wounded.
You barely miss the hobgoblin. You hit the jelly.
Your hands burn!
The hobgoblin hits you. The orc barely misses you. You furiously retaliate!
You headbutt the orc!
You kill the orc!
Trog accepts your kill. The jelly hits you but does no damage.
You barely miss the jelly.
The jelly is moderately wounded.
You barely miss the hobgoblin.
The hobgoblin hits you but does no damage.
You block the jelly's attack.
You hit the jelly. The acid corrodes you!
Your hands burn!
You headbutt the jelly.
The jelly is severely wounded.
You completely miss the hobgoblin. You block the hobgoblin's attack.
The jelly closely misses you.
You barely miss the jelly.
The jelly is severely wounded.
You hit the hobgoblin. The hobgoblin hits you. The jelly hits you.
You are splashed with acid!
You hit the jelly. The acid corrodes you!
Your hands burn!
The jelly is severely wounded.
You barely miss the hobgoblin. The hobgoblin misses you.
You furiously retaliate!
You headbutt the hobgoblin.
You kill the hobgoblin!
Trog accepts your kill. The jelly hits you. The acid corrodes you!
You are splashed with acid!
* * * LOW HITPOINT WARNING * * *
Your skin crawls.
You feel strong-willed. The jelly hits you.
* * * LOW HITPOINT WARNING * * *
The acid corrodes you!
You are splashed with acid!
* * * LOW HITPOINT WARNING * * *
You barely miss the jelly.
The jelly is severely wounded.
The jelly hits you.
You die...

#.....#...#..
#.......#.#..
#......##.#..
#######......##.#..
#.....#............
#.....<.........###
#.:......>......#
#.....#####......#
#.@...# #......#
#J)...# #.......#
##...## #.##....#
########..## .J
###... ..........#
#. ..........#
..(......##
.........#
..........


You could see a jelly.

Vanquished Creatures
  A scorpion (D:4)
  2 iguanas (D:4)
  Robin (D:3)
  A howler monkey skeleton (D:4)
  5 adders
  2 worms (D:2)
  A dart slug (D:4)
  2 orcs (D:4)
  4 endoplasms
  8 goblins
  12 hobgoblins
  6 jackals (D:1)
  4 quokkas
  A ball python (D:2)
  3 bats
  2 frilled lizards
  3 kobolds (D:2)
  4 rats
62 creatures vanquished.

Vanquished Creatures (others)
  2 withered plants (D:3)
2 creatures vanquished.

Grand Total: 64 creatures vanquished

Notes
Turn   | Place    | Note
-------+----------+-------------------------------------------
     0 | D:1      | mkm the Minotaur Berserker began the quest for the Orb.
     0 | D:1      | Reached XP level 1. HP: 19/19 MP: 0/0
   184 | D:1      | Found Elybesau's Assorted Antiques.
   258 | D:1      | Found Rugubiup's Assorted Antiques.
   330 | D:1      | Reached skill level 4 in Fighting
   336 | D:1      | Reached XP level 2. HP: 23/27 MP: 1/1
   339 | D:1      | Found Zanlinal's Antique Weapon Shop.
   416 | D:1      | Found Ecyu's Weapon Emporium.
   821 | D:1      | Found a faded altar of an unknown god.
   854 | D:1      | Found Wisamir's Distillery.
  1156 | D:2      | Identified the +2 leather armour of Hairiness {Str+2}
  1410 | D:2      | Reached XP level 3. HP: 34/34 MP: 2/2
  1444 | D:2      | Reached ** piety under Trog
  1629 | D:2      | Reached skill level 1 in Axes
  1732 | D:3      | Noticed Robin
  1737 | D:2      | Reached skill level 5 in Fighting
  1755 | D:2      | Reached XP level 4. HP: 17/42 MP: 3/3
  2103 | D:3      | Killed Robin
  2160 | D:3      | Noticed Sigmund
  2183 | D:3      | Gained mutation: You occasionally shout uncontrollably at
                  | your foes. [potion of mutation]
  2583 | D:3      | Found a runed translucent door.
  2585 | D:3      | Noticed PhoneixS's ghost (amateur DjWz)
  2815 | D:4      | Reached XP level 5. HP: 19/48 MP: 4/4
  3048 | D:4      | Noticed Blork the orc
  3049 | D:4      | Noticed Grinder
  3374 | D:4      | HP: 2/48 [acid (11)]
  3375 | D:4      | Slain by a jelly

Illustrated notes

Levels and vault maps discovered:
D:1:      lordsloth_arrival_two_stooges, layout_loops_corners, serial_shops,
          shop, shop, nicolae_shop_waterfront, nicolae_shop_advertising_works
          [nicolae_subvault_shop_adworks], shop, ebering_ecumenical_altar_mist
D:2:      layout_rooms
D:3:      wad_river_or_something, layout_basic, mainiacjoe_overflow_alcove_4,
          gammafunk_ghost_grave, uniq_sigmund, uniq_robin
D:4:      layout_rooms, serial_shops, kennysheep_little_box, uniq_grinder,
          uniq_blork_the_orc, uniq_eustachio

Skill      XL: |  1  2  3  4  5 |
---------------+----------------+-----
Fighting       | 4 5 |  5.4
Armour         | 3 |  3.7
Axes           | 1 2 3 |  3.6
Dodging        | 3 |  3.5
Maces & Flails | |  3.6
Shields        | |  0.2

Action                   |  1- 3 |  4- 6 || total
-------------------------+-------+-------++-------
Melee: Mace              |    18 |       ||    18
       Headbutt          |     9 |    12 ||    21
       Hand axe          |    49 |    68 ||   117
Invok: Trog's Hand       |       |     2 ||     2
       Berserk           |       |     1 ||     1
  Use: Potion            |       |     4 ||     4
       Scroll            |       |     5 ||     5
 Stab: Sleeping          |     1 |       ||     1
Armor: Animal skin       |     2 |       ||     2
       Ring mail         |     5 |       ||     5
       Leather armour    |    19 |    30 ||    49
Dodge: Dodged            |    48 |    64 ||   112
Block: Other             |       |    11 ||    11
       Reflection        |       |     1 ||     1
